 Dungeon Crawl Stone Soup version 0.30-a0-603-g51a0fb1b98 (webtiles) character file.

Game seed: 12190476835695392964

3789 Leeroy the Grappler (level 9, -7/76 HPs)
             Began as a White Draconian Transmuter on Jan 7, 2023.
             Was a Priest of Wu Jian.
             Mangled by a gnoll sergeant
             ... wielding a +0 glaive
              (12 damage)
             ... in a bailey.
             The game lasted 00:15:07 (8827 turns).

Leeroy the Grappler (White Draconian Transmuter)    Turns: 8827, Time: 00:15:08

Health: -7/76      AC:  6    Str: 12    XL:     9   Next: 95%
Magic:  9/12       EV: 10    Int: 19    God:    Wu Jian [***...]
Gold:   492        SH:  0    Dex: 11    Spells: 2/12 levels left

rFire   x . .      SeeInvis +      - Unarmed
rCold   + + +      Faith    .    (shield currently unavailable)
rNeg    . . .      Spirit   .    (body armour unavailable)
rPois   +          Reflect  .    (helmet currently unavailable)
rElec   .          Harm     .    (cloak currently unavailable)
rCorr   .          Rampage  .    (gloves currently unavailable)
Will    .....                    (boots currently unavailable)
Stlth   +                        (no amulet)
HPRegen 0.32/turn                b - ring of poison resistance
MPRegen 0.13/turn                v - ring of see invisible

@: ice-form, studying Hexes
A: freezing attack, amphibious, boosted hp, (breathe frost), AC +7, large,
unfitting armour, (cold resistance 1), (cold-blooded)
a: End Transformation, Renounce Religion, Wall Jump, Serpent's Lash


You were in a bailey.
You worshipped Wu Jian.
Wu Jian was most pleased with you.
You were a creature of crystalline ice.
You visited 2 branches of the dungeon, and saw 8 of its levels.
You also visited: Sewer and Bailey.

You collected 492 gold pieces.

Inventory:

Hand Weapons
 u - a +0 heavy spear
 x - a +2 long sword of holy wrath
 y - the +4 dagger "Morg" (melded) {pain, Will+ Int+5}
   (You found it on level 6 of the Dungeon)

   Int:       It affects your intelligence (+5).
   Will:      It increases your willpower.
Missiles
 e - 5 curare-tipped darts
 i - 33 poisoned darts
Armour
 c - a +2 hat (melded)
 d - a +0 cloak (melded)
 k - a +2 pair of gloves (melded)
 n - a scarf of invisibility
Jewellery
 b - a ring of poison resistance (left front paw)
 v - a ring of see invisible (right front paw)
Wands
 l - a wand of mindburst (19)
 q - a wand of polymorph (5)
 s - a wand of roots (6)
 z - a wand of flame (13)
Scrolls
 h - 3 scrolls of teleportation
 o - a scroll of immolation
 p - a scroll of vulnerability {unknown}
 t - 2 scrolls of fear {unknown}
 w - 2 scrolls of torment {unknown}
Potions
 a - 3 potions of lignification
 f - 2 potions of curing {unknown}
 g - a potion of cancellation {unknown}
 m - 2 potions of flight {unknown}
 r - a potion of ambrosia


   Skills:
 - Level 1.1 Fighting
 - Level 1.7 Dodging
 + Level 13.4 Unarmed Combat
 - Level 2.0 Spellcasting
 * Level 5.9 Transmutations
 - Level 0.1 Poison Magic


You had 2 spell levels left.
You knew the following spells:

 Your Spells              Type           Power      Damage    Failure   Level
a - Beastly Appendage     Tmut           48%        N/A       1%          1
b - Spider Form           Tmut/Pois      13%        N/A       14%         3
c - Wereblood             Tmut           24%        N/A       2%          2
d - Ice Form              Ice/Tmut       13%        N/A       45%         4

Your spell library contained the following spells:

 Spells                   Type           Power      Damage    Failure   Level
 Apportation              Tloc           2%         N/A       17%         1
 Necrotise                Necr           4%         1d4       17%         1
 Summon Small Mammal      Summ           4%         N/A       17%         1
 Vampiric Draining        Necr           1%         2d6       45%         3
 Agony                    Necr           1%         N/A       99%         5


Dungeon Overview and Level Annotations

Branches:
Dungeon (7/15)             Temple (1/1) D:4           Sewer (visited)
 Bailey (1/1)

Altars:
Ashenzari
Cheibriados
Dithmenos
Elyvilon
Hepliaklqana
Kikubaaqudgha
Okawaru
Ru
Sif Muna
Vehumet
Wu Jian
Yredelemnul
The Shining One

Shops:
D:2 ::


Innate Abilities, Weirdness & Mutations

You are a creature of crystalline ice.
You have a powerful freezing melee attack.
You are amphibious.
Your maximum health is increased.
Your armour is entirely melded.
You are incapable of wielding weapons or throwing items.
((You can breathe waves of freezing cold which knock back foes.))
((Your icy white scales are hard. (AC +7)))
You cannot fit into any form of body armour.
((Your flesh is cold resistant. (rC+)))
((You are cold-blooded and may be slowed by cold attacks.))


Message History

You lunge at the gnoll sergeant.
The gnoll sergeant shouts!
You hit the gnoll sergeant but do no damage.
You spin and attack the wolf.
You closely miss the wolf.
The wolf is heavily wounded.
You spin and attack the gnoll sergeant.
You punch the gnoll sergeant! You freeze the gnoll sergeant.
The gnoll sergeant is severely wounded.
A wolf comes into view.
The wolf bites you but does no damage. The gnoll hits you with a +0 spear.
The gnoll hits you from afar with a +0 halberd!
The gnoll bouda barks out a call to the hunt!
The gnoll bouda picks up the pace!
The gnoll sergeant hits you with a +0 glaive.
* * * LOW HITPOINT WARNING * * *
The gnoll sergeant hits you from afar with a +0 glaive!
* * * LOW HITPOINT WARNING * * *
The wolf howls!
You spin and attack the wolf.
You completely miss the wolf.
The wolf is heavily wounded.
You spin and attack the gnoll sergeant.
You hit the gnoll sergeant. You freeze the gnoll sergeant.
The gnoll sergeant is severely wounded.
The wolf bites you but does no damage.
The gnoll sergeant hits you but does no damage.
The gnoll closely misses you. The gnoll hits you with a +0 halberd!
* * * LOW HITPOINT WARNING * * *
The wolf bites you but does no damage. The gnoll sergeant closely misses you.
Items here: ( ) [ †.
You feel much better. The wolf barely misses you. The wolf closely misses you.
The gnoll sergeant barely misses you. The gnoll hits you with a +0 halberd!
* * * LOW HITPOINT WARNING * * *
The gnoll hits you from afar with a +0 spear.
* * * LOW HITPOINT WARNING * * *
The gnoll bouda barks out a call to the hunt!
The gnoll picks up the pace!
The gnoll sergeant hits you from afar with a +0 glaive!
* * * LOW HITPOINT WARNING * * *
The gnoll sergeant hits you from afar with a +0 glaive!
You die...

♣≈. ##### #..≈. ♣≈..
##...## #..≈.
♣≈..##+###.....######..≈.
♣≈..(...#...)...#...'..)÷
♣≈.....)'...8)))'...'..)÷
♣≈......#...))..#...'....
♣≈..##'###.....######..≈.
♣≈. #....##...## #..≈. ♣≈
#.).Yh#####.. #..≈. ♣
#..gghg.gg... #..≈.
##..hgg.h.... #..≈.
##.8....g..8 #..≈.
###########


You could see 4 gnoll sergeants, 4 wolves, 2 gnoll boudas and 2 gnolls.

Vanquished Creatures
  A wraith (D:6)
  2 water moccasins
  3 orc warriors
  4 black bears
  A sky beast (D:6)
  2 phantoms (D:6)
  6 kobold brigands
  5 bullfrogs
  3 necrophages
  A spectral water moccasin (D:6)
  2 gnoll sergeants (Bailey)
  4 scorpions
  5 wights (D:7)
  A bullfrog zombie (D:6)
  6 hounds
  An orc priest (D:6)
  2 gnoll boudas
  2 iguanas
  4 orc wizards
  A killer bee zombie (D:6)
  A bullfrog simulacrum (D:6)
  10 adders
  21 gnolls
  A white imp (D:6)
  11 orcs
  16 endoplasms
  14 giant cockroaches
  16 goblins
  6 hobgoblins
  18 quokkas
  13 ball pythons
  5 bats
  16 frilled lizards
  49 kobolds
  6 rats
259 creatures vanquished.

Vanquished Creatures (others)
  8 withered plants (D:6)
8 creatures vanquished.

Grand Total: 267 creatures vanquished

Notes
Turn   | Place    | Note
-------+----------+-------------------------------------------
     0 | D:1      | Leeroy the Draconian Transmuter began the quest for the
                  | Orb.
     0 | D:1      | Reached XP level 1. HP: 16/16 MP: 3/3
   292 | D:1      | Reached XP level 2. HP: 23/23 MP: 3/5
   453 | D:1      | Reached skill level 4 in Unarmed Combat
   744 | D:1      | Reached XP level 3. HP: 26/28 MP: 6/6
  1167 | D:2      | Found Biarelo's Book Emporium.
  1390 | D:2      | Found Xog Difi's Book Shop.
  1518 | D:2      | Reached XP level 4. HP: 35/35 MP: 4/7
  1524 | D:2      | Reached skill level 5 in Unarmed Combat
  2198 | D:3      | Learned a level 3 spell: Spider Form
  2201 | D:3      | Learned a level 2 spell: Wereblood
  2356 | D:3      | Reached XP level 5. HP: 24/40 MP: 8/8
  3083 | D:2      | Reached skill level 6 in Unarmed Combat
  3135 | D:3      | Reached XP level 6. HP: 16/47 MP: 6/9
  3354 | D:3      | Reached skill level 7 in Unarmed Combat
  3724 | D:3      | Your scales start taking on an icy white colour.
  3724 | D:3      | Reached XP level 7. HP: 52/52 MP: 8/10
  3724 | D:3      | Gained mutation: Your flesh is cold resistant. (rC+) [White
                  | Draconian growth]
  3774 | D:3      | Reached skill level 8 in Unarmed Combat
  4708 | D:4      | Reached skill level 9 in Unarmed Combat
  4785 | D:4      | Reached XP level 8. HP: 47/59 MP: 11/11
  4887 | D:4      | Found a staircase to the Ecumenical Temple.
  4899 | Temple   | Entered the Ecumenical Temple
  4912 | Temple   | Became a worshipper of the Wu Jian Council
  4954 | D:4      | Identified the +1 ring mail of Araucw {Dex+2 Slay+5}
  5063 | D:5      | Entered Level 5 of the Dungeon
  5358 | D:5      | Found a glowing drain.
  5368 | Sewer    | Entered a sewer
  5535 | Sewer    | Reached * piety under Wu Jian
  5568 | Sewer    | Learned a level 4 spell: Ice Form
  5758 | D:5      | Reached skill level 10 in Unarmed Combat
  6413 | D:6      | Reached ** piety under Wu Jian
  6414 | D:6      | Reached skill level 11 in Unarmed Combat
  6417 | D:6      | Reached XP level 9. HP: 35/64 MP: 9/12
  6720 | D:6      | Found a basalt altar of Yredelemnul.
  7085 | D:6      | Found a shimmering blue altar of Sif Muna.
  7187 | D:6      | Found the +4 dagger "Morg" {pain, Will+ Int+5}
  7202 | D:6      | Reached skill level 5 in Transmutations
  7214 | D:6      | Reached skill level 12 in Unarmed Combat
  8237 | D:7      | Reached skill level 13 in Unarmed Combat
  8332 | D:7      | Found a flagged portal.
  8348 | D:7      | Reached *** piety under Wu Jian
  8351 | Bailey   | Entered a bailey
  8826 | Bailey   | HP: 2/76 [gnoll/+0 halberd (8)]
  8827 | Bailey   | Mangled by a gnoll sergeant

Illustrated notes

Levels and vault maps discovered:
D:1:      lemuel_arrival_rhombus, layout_loops_corners, st_stairs_13
D:2:      minmay_angry_zag, layout_loops_ring, serial_shops,
          nicolae_shop_hallway_stairs, shop, moated_statue, kennysheep_boxes
D:3:      minmay_goblin_kobold_castle, layout_basic, minivault_26,
          serial_bayou_crossing
D:4:      layout_cave_pools, minmay_temple_entry_poolview, reono_crystal_passage
D:5:      layout_cave_pods, cheibrodos_sewer_entry_sluice
D:6:      layout_basic, overflow_temple_1_default, lemuel_blue_sif_altar,
          dilly_guarded_unrand_morg
D:7:      layout_basic, enter_bailey_5, uniq_pikel
Temple:   nicolae_temple_bog_church
Bailey:   bailey_polearm_gnolls_kennysheep, bailey

Skill      XL: |  1  2  3  4  5  6  7  8  9 |
---------------+----------------------------+-----
Unarmed Combat | 4 5 6 7 9 11 13 | 13.4
Transmutations | 4 5 |  5.9
Fighting       | |  1.1
Dodging        | |  1.7
Spellcasting   | |  2.0
Poison Magic   | |  0.1

Action                   |  1- 3 |  4- 6 |  7- 9 || total
-------------------------+-------+-------+-------++-------
Melee: Unarmed           |   159 |   203 |   534 ||   896
       Tailslap          |    16 |    19 |    34 ||    69
       Kick              |    11 |    10 |     1 ||    22
       Headbutt          |     5 |     1 |       ||     6
       Punch             |     4 |     5 |    12 ||    21
       Dagger            |       |       |     9 ||     9
 Cast: Beastly Appendage |    14 |     3 |     1 ||    18
       Spider Form       |       |     4 |    13 ||    17
       Wereblood         |       |     4 |     4 ||     8
       Ice Form          |       |       |     6 ||     6
Invok: Lunge             |       |       |    29 ||    29
       Whirlwind         |       |       |    29 ||    29
  Use: Scroll            |       |     2 |     4 ||     6
       Potion            |       |     2 |     1 ||     3
 Stab: Sleeping          |     1 |       |       ||     1
       Distracted        |       |     1 |       ||     1
Armor: Skin              |    59 |    78 |   197 ||   334
Dodge: Dodged            |   113 |   159 |   361 ||   633

Table legend: (Time is in decaauts)
 A = Elapsed time spent in this place.
 B = Non-inter-level travel time spent in this place.
 C = Inter-level travel time spent in this place.
 D = Time resting spent in this place.
 E = Time spent auto-exploring this place.
 F = Levels seen in this place.
 G = Mean time per level.
                   A        B        C        D        E       F      G
               +--------+--------+--------+--------+--------+-----+--------+
         Total |   8809 |   8380 |    429 |   1060 |   5598 |  10 |  880.9 |
       Dungeon |   7905 |   7493 |    412 |    749 |   5316 |   7 | 1129.3 |
        Temple |     25 |      8 |     17 |      0 |      2 |   1 |   25.0 |
         Sewer |    406 |    406 |      0 |      0 |    168 |   1 |  406.0 |
        Bailey |    472 |    472 |      0 |    311 |    111 |   1 |  472.0 |
               +--------+--------+--------+--------+--------+-----+--------+

Top non-repeatable levels by time:
     D:3: 1939 daAuts
     D:6: 1316 daAuts
     D:2: 1202 daAuts
     D:1: 1111 daAuts
     D:5: 1103 daAuts
     D:4: 794 daAuts
  Bailey: 472 daAuts
     D:7: 438 daAuts
   Sewer: 406 daAuts
  Temple: 25 daAuts
